 Dungeon Sprint DCSS version 0.30-a0-359-gd0147acb1a (webtiles) character file.

Game seed: 10934931872346550058

165 rocky1 the Slasher (level 5, -7/42 HPs)
             Began as a Demonspawn Gladiator on Nov 12, 2022.
             Mangled by a shadow (31 damage)
             ... in the Dungeon (Sprint III: "The Ten Rune Challenge").
             The game lasted 00:01:24 (782 turns).

rocky1 the Slasher (Demonspawn Gladiator)            Turns: 782, Time: 00:01:25

Health: -7/42      AC: 11    Str: 15    XL:     5   Next: 21%
Magic:  5/5        EV: 14    Int:  9    God:
Gold:   37         SH:  4    Dex: 16    Spells: 4/4 levels left

rFire   . . .      SeeInvis .    a - +0 long sword
rCold   . . .      Faith    .    (no shield)
rNeg    . . .      Spirit   .    b - +0 leather armour
rPois   .          Reflect  .    c - +0 helmet
rElec   .          Harm     .    f - +0 cloak
rCorr   .          Rampage  .    (no gloves)
Will    .....      NoTele   +    (no boots)
Stlth   +.........               (no amulet)
HPRegen 0.27/turn                (no ring)
MPRegen 0.09/turn                (no ring)

@: no status effects
A: icy blue scales 1, icemail 1, condensation shield
a: no special abilities


You were in the Dungeon.
You visited 1 branch You collected 37 gold pieces.

Inventory:

Hand Weapons
 a - a +0 long sword (weapon)
Missiles
 d - 2 throwing nets (quivered)
 e - a javelin
Armour
 b - a +0 leather armour (worn)
 c - a +0 helmet (worn)
 f - a +0 cloak (worn)
Scrolls
 k - a scroll of blinking
 l - a scroll of poison {unknown}
 m - 4 scrolls of identify
 o - a scroll of torment {unknown}
Potions
 g - 4 potions of mutation {unknown}
 h - a potion of haste
 i - 2 potions of magic
 n - 5 potions of flight


   Skills:
 + Level 4.2 Fighting
 + Level 6.6 Long Blades
 + Level 3.6 Throwing
 + Level 2.0 Armour
 + Level 6.0 Dodging


You had 4 spell levels left.
You didn't know any spells.
Your spell library was empty.

Dungeon Overview and Level Annotations

Branches:
Dungeon (1/1)

Altars:


Innate Abilities, Weirdness & Mutations

You are partially covered in icy blue scales. (AC +2)
A meltable icy envelope protects you from harm. (AC +4)
A meltable shield of frost defends you. (SH +4)


Message History

Your Fighting skill increases to level 4!
Your Armour skill increases to level 2!
Your Dodging skill increases to level 6!
You have reached level 5!
Your demonic ancestry asserts itself...
An icy envelope takes form around you.
You start resting.
HP restored.
A shadow comes into view.
There is an open door here.
The shadow hits you!
You hit the shadow.
The shadow is lightly damaged.
The shadow hits you.
You closely miss the shadow.
The shadow is lightly damaged.
The shadow completely misses you.
You hit the shadow but do no damage.
The shadow is lightly damaged.
The shadow slips into darkness.
The shadow flickers and vanishes!
Deactivating autopickup; reactivate with Ctrl-A.
You barely miss something.
The shadow strikes at you from the darkness!
Reactivating autopickup.
You closely miss the shadow.
The shadow is lightly damaged.
The shadow hits you.
You barely miss the shadow.
The shadow is lightly damaged.
The shadow closely misses you.
You hit the shadow.
The shadow is moderately damaged.
The shadow slips into darkness.
The shadow flickers and vanishes!
Deactivating autopickup; reactivate with Ctrl-A.
You miss something.
The shadow strikes at you from the darkness!
Ouch! That really hurt!
You die...

▓ ▓▓▓ ♣ ♣.# ♣♣ ♣.#
.♣♣ ♣♣.#
~.♣♣♣..###+#+###+##
~♣.♣♣..#..........#
~~.♣...'.⌠........#
≈~~~.♣.#...######'#
~~~)...#.⌠.# #{@.#
~~.....#...# #...#
.......#+### #...#
.......# #...+
.......# +...#
▓▓▓▓▓▓▓▓ ▓▓▓▓▓


There were no monsters in sight!

Vanquished Creatures
  A water elemental (D)
  A jelly (D)
  Crazy Yiuf (D)
  Jessica (D)
  A human (D)
  3 rats (D)
8 creatures vanquished.

Notes
Turn   | Place    | Note
-------+----------+-------------------------------------------
     0 | D        | rocky1 the Demonspawn Gladiator began the quest for the
                  | Orb.
     0 | D        | Reached XP level 1. HP: 16/16 MP: 1/1
    14 | D        | Noticed Jessica
    20 | D        | Killed Jessica
    21 | D        | Gained mutation: You are partially covered in icy blue
                  | scales. (AC +2) [demonic ancestry]
    21 | D        | Reached XP level 2. HP: 10/23 MP: 2/2
   196 | D        | Gained mutation: A meltable shield of frost defends you.
                  | (SH +4) [demonic ancestry]
   196 | D        | Reached XP level 3. HP: 19/28 MP: 3/3
   388 | D        | Noticed Crazy Yiuf
   401 | D        | Killed Crazy Yiuf
   402 | D        | Reached skill level 5 in Long Blades
   402 | D        | Reached skill level 5 in Dodging
   402 | D        | Reached XP level 4. HP: 10/35 MP: 4/4
   543 | D        | Noticed a water elemental
   549 | D        | Killed a water elemental
   550 | D        | Reached skill level 1 in Armour
   755 | D        | Gained mutation: A meltable icy envelope protects you from
                  | harm. (AC +4) [demonic ancestry]
   755 | D        | Reached XP level 5. HP: 37/42 MP: 5/5
   773 | D        | Noticed a shadow
   782 | D        | Mangled by a shadow

Illustrated notes

Levels and vault maps discovered:
D:        dungeon_sprint_mu [sprint_mu_entry_forest, sprint_mu_temple_rooms,
          sprint_mu_d1_horrors, sprint_mu_d2_genie, sprint_mu_d3_branching,
          sprint_mu_orc_legion, sprint_mu_elf_gauntlet, sprint_mu_hive_nellie,
          sprint_mu_lair_fedhas, sprint_mu_vaults_butterflies,
          sprint_mu_slime_circle, sprint_mu_swamp_cave, sprint_mu_snake_twists,
          sprint_mu_blade_basic, sprint_mu_crypt_fortress,
          sprint_mu_tomb_spiral, sprint_mu_vestibule_basic,
          sprint_mu_gehenna_hellfire, sprint_mu_dis_giant,
          sprint_mu_tartarus_statrot, sprint_mu_cocytus_islands, sprint_mu_zot1]

Skill      XL: |  1  2  3  4 |
---------------+-------------+-----
Long Blades    | 4 5 6 |  6.6
Dodging        | 4 5 6 |  6.0
Throwing       | 2 3 |  3.6
Fighting       | 3 4 |  4.2
Armour         | 2 |  2.0

Action                   |  1- 3 |  4- 6 || total
-------------------------+-------+-------++-------
Melee: Long sword        |    29 |    15 ||    44
       Punch             |     1 |       ||     1
Throw: Throwing net      |     3 |       ||     3
       Javelin           |     1 |       ||     1
  Use: Potion            |     2 |     1 ||     3
Armor: Leather armour    |     6 |     1 ||     7
Dodge: Dodged            |    14 |     5 ||    19
Block: Other             |     1 |       ||     1

Table legend: (Time is in decaauts)
 A = Elapsed time spent in this place.
 B = Non-inter-level travel time spent in this place.
 C = Inter-level travel time spent in this place.
 D = Time resting spent in this place.
 E = Time spent auto-exploring this place.
 F = Levels seen in this place.
 G = Mean time per level.
                   A        B        C        D        E       F      G
               +--------+--------+--------+--------+--------+-----+--------+
         Total |    804 |    804 |      0 |    627 |      0 |   1 |  804.0 |
       Dungeon |    804 |    804 |      0 |    627 |      0 |   1 |  804.0 |
               +--------+--------+--------+--------+--------+-----+--------+

Top non-repeatable levels by time:
       D: 804 daAuts
